 Dungeon Crawl Stone Soup version 0.22-a0-455-ga0624bf (webtiles) character file.

917 KristoblXynda the Slasher (level 8, -1/60 HPs)
             Began as a Naga Gladiator on June 5, 2018.
             Was an Initiate of Ashenzari.
             Slain by an ice beast (14 damage)
             ... on level 5 of the Dungeon.
             The game lasted 00:10:04 (4856 turns).

KristoblXynda the Slasher (Naga Gladiator)          Turns: 4856, Time: 00:10:05

Health: -1/60      AC:  7    Str: 18    XL:     8   Next: 9%
Magic:  8/8        EV: 10    Int: 10    God:    Ashenzari [......]
Gold:   280        SH:  0    Dex: 12    Spells: 7/7 levels left

rFire    + . .     SeeInvis +   a - +0 long sword
rCold    . . .     Gourm    .   (no shield)
rNeg     . . .     Faith    .   s - +0 ring mail
rPois    +         Spirit   .   c - +0 helmet
rElec    .         Reflect  .   (no cloak)
rCorr    .         Harm     .   (no gloves)
MR       +....                  (no barding)
Stlth    ++........             (no amulet)
HPRegen  0.20/turn              n - ring of protection from fire
MPRegen  0.11/turn              (no ring)

@: very slow
A: large, see invisible, deformed body, frail 1, poison resistance, slowness 2,
slow metabolism 1, spit poison 1, sturdy frame 1, AC +2
a: Spit Poison, Curse Item, Renounce Religion


You were on level 5 of the Dungeon.
You worshipped Ashenzari.
Ashenzari was noncommittal.
You were not hungry.

You visited 1 branch of the dungeon, and saw 6 of its levels.

You collected 280 gold pieces.

Inventory:

Hand Weapons
 a - a +0 long sword (weapon)
Armour
 c - a +0 helmet (worn)
 s - a +0 ring mail (worn)
Jewellery
 e - a +3 ring of protection
 n - a ring of protection from fire (left hand)
Scrolls
 b - a scroll of enchant armour {unknown}
 g - a scroll of fog
 h - a scroll of immolation
 j - a scroll of noise {unknown}
 l - a scroll of amnesia {unknown}
 r - 2 scrolls of identify
Potions
 i - 2 potions of flight
 m - a potion of cancellation
 p - a potion of resistance
Comestibles
 f - 6 rations


   Skills:
 - Level 2.0 Fighting
 * Level 6.7 Long Blades
 - Level 2.0 Throwing
 + Level 3.5 Armour
 - Level 3.3 Dodging
 + Level 5.5 Stealth


You had 7 spell levels left.
You didn't know any spells.
Your spell library was empty.

Dungeon Overview and Level Annotations

Branches:
Dungeon (6/15)
 Temple: D:4-7

Altars:
Ashenzari
Okawaru
Qazlal
Wu Jian


Innate Abilities, Weirdness & Mutations

You cannot wear boots.
Your serpentine skin is tough. (AC +2)
You have supernaturally acute eyesight. (SInv)
Armour fits poorly on your strangely shaped body.
Your system is resistant to poisons. (rPois)
You cover ground very slowly.
You have a slow metabolism.
You can spit poison.
You are frail. (-10% HP)
Your movements are slightly less encumbered by armour. (ER -2)


Message History

The ice beast struggles against the net.
You hit the ice beast.
The ice beast is severely wounded.
The ice beast struggles against the net.
You slash the ice beast!
The ice beast is almost dead.
The ice beast struggles against the net.
You hit the ice beast but do no damage.
The ice beast is almost dead.
The ice beast struggles against the net.
The net rips apart, and the ice beast comes free!
You hit the ice beast but do no damage.
The ice beast is almost dead.
The ice beast hits you but does no damage.
You closely miss the ice beast.
The ice beast is almost dead.
The ice beast hits you.
* * * LOW HITPOINT WARNING * * *
The ice beast freezes you!
You die...

...#................######.......
.#.##........#.............##....
.#.#####....##....#..#.######....
.....# #.#..###......#.#### #....
...#.###.#................# #....
............###...........###....
.....###.....#...###...#....#....
.....###.#.....#.###...####[.....
......)).......Y@...........##...
.......#(##.####.###.)..#........
.....#.#)#..#............######..
.<.......([##........#...########
.......#.#.##.......##..)....#
.###...#.#..#......###.)).(#.##
.###.#...............#)#.#).(.#
..........##.........#)#...####
....##....##.........#.###.##


You could see an ice beast.

Vanquished Creatures
  3 ogres
  A scorpion (D:4)
  A howler monkey (D:5)
  2 hounds
  A gnoll shaman (D:5)
  3 orc priests (D:5)
  4 orc wizards (D:5)
  3 worker ants
  A hound skeleton (D:4)
  10 gnolls
  An adder (D:4)
  An ooze (D:3)
  2 worms
  5 leopard geckos
  11 orcs (D:5)
  5 giant cockroaches
  3 goblins
  6 hobgoblins
  10 jackals
  8 kobolds
  3 quokkas
  2 ball pythons
  8 bats
  3 frilled lizards
  5 rats
102 creatures vanquished.

Vanquished Creatures (others)
  An orc wizard (D:5)
1 creature vanquished.

Grand Total: 103 creatures vanquished

Notes
Turn   | Place    | Note
-------+----------+-------------------------------------------
     0 | D:1      | KristoblXynda the Naga Gladiator began the quest for the Orb.
     0 | D:1      | Reached XP level 1. HP: 19/19 MP: 1/1
   146 | D:1      | Reached XP level 2. HP: 2/26 MP: 2/2
  1135 | D:2      | Reached XP level 3. HP: 32/32 MP: 3/3
  1169 | D:2      | Noticed an ogre
  1342 | D:2      | Reached skill level 1 in Armour
  1488 | D:2      | Killed an ogre
  1488 | D:2      | Reached skill level 4 in Long Blades
  1488 | D:2      | Reached XP level 4. HP: 19/39 MP: 4/4
  1488 | D:2      | Reached XP level 5. HP: 22/45 MP: 5/5
  1832 | D:3      | Reached skill level 1 in Stealth
  2096 | D:3      | Found a faded altar of an unknown god.
  2096 | D:3      | Found an iron altar of Okawaru.
  2102 | D:3      | Found an ornate altar of the Wu Jian Council.
  2104 | D:3      | Found a shattered altar of Ashenzari.
  2109 | D:3      | Found a stormy altar of Qazlal.
  2123 | D:3      | Became a worshipper of Ashenzari the Shackled
  2158 | D:3      | Gained mutation: You are frail. (-10% HP) [potion of mutation]
  2158 | D:3      | Gained mutation: Your movements are slightly less encumbered by armour. (ER -2) [potion of mutation]
  2261 | D:4      | Found an iron altar of Okawaru.
  2266 | D:4      | Reached XP level 6. HP: 41/46 MP: 6/6
  2637 | D:4      | Reached skill level 5 in Long Blades
  3470 | D:5      | Entered Level 5 of the Dungeon
  3525 | D:5      | Reached XP level 7. HP: 43/54 MP: 7/7
  3755 | D:5      | Reached skill level 6 in Long Blades
  3949 | D:5      | Reached skill level 5 in Stealth
  4360 | D:5      | Reached XP level 8. HP: 7/60 MP: 8/8
  4361 | D:5      | HP: 2/60 [orc/mace (5)]
  4856 | D:5      | Slain by an ice beast

Vault maps used:
D:1:      minmay_arrival_solitary_statue
D:2:      minmay_misc_feat_chi
D:3:      chequers_temple_overflow_minitemple
D:4:      first_ration, okawaru_metal_pillars_1_2
D:6:      minmay_flawed_box, serial_shops, shop_fountains, uniq_blork_the_orc,
          uniq_pikel

Skill      XL: |  1  2  3  4  5  6  7 |
---------------+----------------------+-----
Throwing       | 2 |  2.0
Armour         | 1 2 3 |  3.5
Long Blades    | 4 5 6 |  6.7
Dodging        | 3 |  3.3
Stealth        | 2 3 5 |  5.5
Fighting       | |  2.0

Action                   |  1- 3 |  4- 6 |  7- 9 || total
-------------------------+-------+-------+-------++-------
Melee: Long sword        |    84 |   107 |   161 ||   352
Throw: Throwing net      |       |     2 |     3 ||     5
 Abil: Spit Poison       |     6 |     9 |    14 ||    29
  Use: Scroll            |     1 |     8 |     1 ||    10
       Potion            |       |     1 |     6 ||     7
 Stab: Sleeping          |       |     2 |       ||     2
       Held in net/web   |       |     1 |     1 ||     2
  Eat: Chunk             |     1 |     4 |     3 ||     8
       Ration            |       |     1 |       ||     1
Armor: Leather armour    |    45 |    22 |       ||    67
       Ring mail         |       |     5 |    68 ||    73
       Skin              |       |       |    54 ||    54
Dodge: Dodged            |    77 |    78 |    83 ||   238
       Rpst.: Long sword |    25 |    25 |    24 ||    74

Table legend:
 A = Spawn XP
 B = Non-spawn XP
 C = Spawn XP percentage of total XP
 D = Spawn monster count
 E = Non-spawn monster count
 F = Spawn count percentage of total count
 G = Total turns spent on level
                    A         B        C        D         E        F      G
               +---------+---------+-------+---------+---------+-------+---------
         Total |       0 |    1310 |   0.0 |       0 |     103 |   0.0 |  4856
               +---------+---------+-------+---------+---------+-------+---------
           D:1 |       0 |      32 |   0.0 |       0 |      21 |   0.0 |  1163
           D:2 |       0 |     158 |   0.0 |       0 |      20 |   0.0 |   665
           D:3 |       0 |      69 |   0.0 |       0 |      13 |   0.0 |   433
           D:4 |       0 |     336 |   0.0 |       0 |      15 |   0.0 |  1209
           D:5 |       0 |     715 |   0.0 |       0 |      34 |   0.0 |  1364
               +---------+---------+-------+---------+---------+-------+---------
